 Dungeon Crawl Stone Soup version 0.25-a0-576-g50b708a4c4 (webtiles) character file.

Game seed: 2769914679627777210, levelgen mode: deterministic

37017 Flugslaktarn the Cleaver (level 13, -2/121 HPs)
             Began as a Deep Dwarf Fighter on Mar 2, 2020.
             Was the Champion of Makhleb.
             Slain by a yak (6 damage)
             ... on level 14 of the Dungeon.
             The game lasted 00:08:28 (9231 turns).

Flugslaktarn the Cleaver (Deep Dwarf Fighter)       Turns: 9231, Time: 00:08:29

Health: -2/121     AC:  2    Str: 29    XL:     13   Next: 56%
Magic:  2/6        EV:  9    Int: 10    God:    Makhleb [******]
Gold:   521        SH:  0    Dex: 12    Spells: 12/12 levels left

rFire    + + .     SeeInvis .   G - +2 executioner's axe of the Fool {vorpal, rElec rPois Int+2}
rCold    . . .     Gourm    .   (shield currently unavailable)
rNeg     . . .     Faith    .   B - +1 chain mail {rF+}
rPois    +         Spirit   .   (no helmet)
rElec    +         Reflect  .   E - +0 cloak
rCorr    .         Harm     .   (no gloves)
MR       +....                  (no boots)
Stlth    ..........             s - amulet of rage
HPRegen  0.00/turn              l - +3 ring of strength
MPRegen  0.10/turn              f - ring of protection from fire

@: marked, corroded, very slightly contaminated, non-regenerating, hasted and
slowed, studying Shields, invisible
A: damage resistance, heal wounds, sense surroundings 2, no regeneration
a: Heal Wounds, Minor Destruction, Lesser Servant of Makhleb, Major Destruction,
Greater Servant of Makhleb, Renounce Religion, Evoke Berserk Rage


You were on level 14 of the Dungeon.
You worshipped Makhleb.
Makhleb was exalted by your worship.
You were not hungry.

You visited 2 branches of the dungeon, and saw 15 of its levels.
You also visited: Ossuary and Bailey.

You collected 619 gold pieces.
You spent 98 gold pieces at shops.

Inventory:

Hand Weapons
 a - a +0 war axe
 u - a +2 hand axe of freezing
   (You took it off a wight on level 6 of the Dungeon)
 G - the +2 executioner's axe of the Fool (weapon) {vorpal, rElec rPois Int+2}
   (You found it in a bailey)

   It inflicts extra damage upon your enemies.
   It affects your intelligence (+2).
   It insulates you from electricity.
   It protects you from poison.
Armour
 b - a +0 scale mail
 c - a +1 kite shield
 B - a +1 chain mail of fire resistance (worn)
   (You found it on level 10 of the Dungeon)
 E - a +0 cloak (worn)
   (You found it on level 13 of the Dungeon)
Jewellery
 f - a ring of protection from fire (right hand)
   (You found it on level 7 of the Dungeon)
 l - a +3 ring of strength (left hand)
   (You found it in an ossuary)
 s - an amulet of rage (around neck)
   (You found it in an ossuary)
Wands
 v - a wand of scattershot (6)
   (You found it on level 10 of the Dungeon)
 D - a wand of paralysis (19)
   (You took it off a crimson imp on level 10 of the Dungeon)
 H - a wand of iceblast (11)
   (You found it on level 13 of the Dungeon)
Scrolls
 o - 2 scrolls of vulnerability
 p - 3 scrolls of enchant armour
 r - 4 scrolls of identify
 t - a scroll of teleportation
 x - 5 scrolls of remove curse
 y - 2 scrolls of magic mapping
 C - a scroll of enchant weapon
 F - 4 scrolls of immolation
Potions
 d - a potion of might
 h - 3 potions of haste
 i - 2 potions of lignification
 k - 2 potions of brilliance
 m - a potion of stabbing
 n - 2 potions of resistance
 q - 3 potions of curing
 w - 3 potions of heal wounds
 A - a potion of berserk rage
Books
 j - a manual of Shields
   (You found it in a bailey)
Comestibles
 e - 18 rations
 z - 14 chunks of flesh


   Skills:
 + Level 9.5 Fighting
 * Level 14.8 Axes
 + Level 11.3 Armour
 - Level 10.5 Shields
 + Level 12.2 Invocations


You had 12 spell levels left.
You didn't know any spells.
Your spell library was empty.

Dungeon Overview and Level Annotations

Branches:
Dungeon (14/15)            Temple (1/1) D:4            Lair (0/6) D:9
    Orc (0/2) D:10         Vaults (0/5) D:13        Ossuary (visited)
 Bailey (visited)

Altars:
Cheibriados
Dithmenos
Elyvilon
Fedhas
Gozag
Hepliaklqana
Kikubaaqudgha
Makhleb
Nemelex Xobeh
Okawaru
Qazlal
Ru
Sif Muna
Trog
Uskayaw
Vehumet
Wu Jian
Xom
Yredelemnul
Zin
The Shining One

Shops:
D:6 ?[

Annotations:
D:8 exclusion: door


Innate Abilities, Weirdness & Mutations

You are resistant to damage.
You can heal yourself by infusing magical energy.
You passively map the area around you.
You do not regenerate.


Message History

The brown ugly thing headbutts you but does no damage.
The guardian serpent hits you!
* * * LOW HITPOINT WARNING * * *
The brown ugly thing claws you!
* * * LOW HITPOINT WARNING * * *
You are splashed with acid.
* * * LOW HITPOINT WARNING * * *
You are too injured to fight recklessly!
You are too injured to fight recklessly!
You are too injured to fight recklessly!
You are too injured to fight recklessly!
Your magical essence is drained by the effort!
You feel much better. Something hits you!
* * * LOW HITPOINT WARNING * * *
Something hits you!
* * * LOW HITPOINT WARNING * * *
The guardian serpent hits you!!
* * * LOW HITPOINT WARNING * * *
The yak gores you!
You die...

* *, #.#* ,.., ,
#.# *...... * # *
##.#####......, , *
*
#.###..#?(.#......
*#......#$..#......
,
.(...G.##'##......
* , ,,*
#oZooYZ......, * **
* * #.#o{#YY..... ,
#.##u@uYY..Y. , , *
#.####SY..... , , ,
* #.# u...... ****
* ,, #.# #.......#
* , , #.# #.......#
####### #.#
#.......# , #.##..#
#.# #.......# , *
#.##..# #.#
#.......# *
#.##..####.#
#.......#


You could see 3 ugly things, a guardian serpent, 6 yaks, an eye of draining, an
orc warrior, an orc wizard, a redback simulacrum, 2 orcs and a centaur warrior
skeleton.

Vanquished Creatures
  Snorg (D:13)
  Erolcha (D:13)
  2 dancing weapons (D:13)
  7 death yaks (D:9)
  A centaur warrior (D:14)
  3 two-headed ogres
  A tengu warrior (D:14)
  Urug (D:13)
  4 skeletal warriors (D:14)
  5 unseen horrors
  Pikel (D:8)
  2 ugly things
  An orc knight (Bailey)
  A deep elf mage (D:14)
  2 cyclopes
  2 manticores
  Psyche (D:8)
  A gargoyle (D:11)
  A kobold demonologist (D:14)
  A komodo dragon (D:10)
  A tengu conjurer (D:14)
  2 efreet
  A troll (D:13)
  2 hornets
  A blink frog (shapeshifter) (D:12)
  A shadow (D:11)
  Sigmund (D:5)
  3 hippogriffs
  A wyvern (D:13)
  A wraith (D:14)
  A vampire (D:13)
  A basilisk (D:14)
  27 yaks
  2 hungry ghosts (D:11)
  A steam dragon (D:11)
  Grum (D:8)
  Edmund (D:5)
  A two-headed ogre zombie (D:10)
  An acid dragon (D:13)
  A soldier ant (D:14)
  2 water moccasins
  2 sky beasts
  10 orc warriors
  An eye of draining (D:13)
  A black bear (D:7)
  8 ice beasts
  5 phantoms
  2 slaves (D:8)
  4 necrophages
  2 wolves (D:8)
  8 centaurs
  5 ogres
  A crocodile (D:13)
  A big kobold (D:12)
  7 bullfrogs
  2 scorpions
  3 troll zombies (D:10)
  15 killer bees
  7 wights
  4 howler monkeys
  6 crimson imps
  5 centaur zombies
  A quasit (D:8)
  14 orc wizards
  5 hounds
  2 jellies
  2 centaur skeletons
  5 orc priests
  2 bullfrog skeletons
  4 iguanas
  11 mummies (Ossuary)
  5 worker ants
  4 ogre zombies (D:10)
  3 hound zombies
  2 howler monkey zombies (Ossuary)
  5 worker ant zombies
  8 gnolls
  10 adders
  2 shadow imps (D:14)
  An ooze (D:1)
  4 adder zombies
  2 dart slugs (D:1)
  6 leopard geckos
  35 orcs
  3 giant cockroaches
  6 goblins
  A hobgoblin (D:1)
  4 jackals (D:2)
  5 kobolds
  2 quokkas
  5 bats
  A frilled lizard (D:1)
  A giant cockroach zombie (D:6)
  A goblin skeleton (D:10)
  5 goblin zombies (D:10)
  A hobgoblin skeleton (D:10)
  2 hobgoblin zombies (D:10)
  A jackal zombie (Ossuary)
  4 orc skeletons (D:10)
  12 orc zombies (D:10)
  A quokka skeleton (D:5)
  2 quokka zombies
  A rat (D:1)
382 creatures vanquished.

Vanquished Creatures (others)
  A withered plant (Ossuary)
1 creature vanquished.

Grand Total: 383 creatures vanquished

Notes
Turn   | Place    | Note
-------+----------+-------------------------------------------
     0 | D:1      | Flugslaktarn the Deep Dwarf Fighter began the quest for the
                  | Orb.
     0 | D:1      | Reached XP level 1. HP: 20/20 MP: 1/1
    31 | D:1      | Reached XP level 2. HP: 27/27 MP: 2/2
   229 | D:2      | Reached skill level 3 in Axes
   229 | D:2      | Reached XP level 3. HP: 30/34 MP: 3/3
   304 | D:3      | Reached XP level 4. HP: 22/42 MP: 4/4
   537 | D:4      | Found a staircase to the Ecumenical Temple.
   688 | D:4      | Reached skill level 4 in Axes
   726 | Temple   | Entered the Ecumenical Temple
   835 | Temple   | Became a worshipper of Makhleb the Destroyer
  1017 | D:4      | Reached XP level 5. HP: 42/49 MP: 5/5
  1092 | D:4      | Found an iron altar of Okawaru.
  1197 | D:5      | Entered Level 5 of the Dungeon
  1202 | D:5      | Noticed an ice beast
  1230 | D:5      | Killed an ice beast
  1230 | D:5      | Reached skill level 1 in Invocations
  1322 | D:5      | Found a transporter.
  1402 | D:5      | Noticed a phantom
  1422 | D:5      | Killed a phantom
  1422 | D:5      | Reached XP level 6. HP: 49/56 MP: 4/6
  1530 | D:5      | Found a transporter.
  1530 | D:5      | Noticed an ice beast
  1530 | D:5      | Noticed an ice beast
  1539 | D:5      | Killed an ice beast
  1539 | D:5      | Reached skill level 5 in Axes
  1541 | D:5      | Killed an ice beast
  1541 | D:5      | Reached XP level 7. HP: 38/63 MP: 7/7
  1562 | D:5      | Found a sand-covered staircase.
  1581 | Ossuary  | Entered an ossuary
  1630 | Ossuary  | Reached skill level 5 in Armour
  1630 | Ossuary  | Reached skill level 5 in Shields
  1667 | Ossuary  | Reached * piety under Makhleb
  1696 | Ossuary  | Reached skill level 6 in Axes
  2198 | D:5      | Reached XP level 8. HP: 36/73 MP: 9/9
  2296 | D:5      | Noticed Edmund
  2311 | D:5      | Killed Edmund
  2340 | D:5      | Noticed Sigmund
  2355 | D:5      | Killed Sigmund
  2355 | D:5      | Reached skill level 7 in Axes
  2640 | D:6      | Found a blossoming altar of Fedhas.
  2804 | D:6      | Reached skill level 5 in Invocations
  2888 | D:6      | Found Duargh's Magic Scroll Emporium.
  2891 | D:6      | Bought a scroll of immolation for 49 gold pieces
  2891 | D:6      | Bought a scroll of immolation for 49 gold pieces
  2926 | D:6      | Reached skill level 5 in Fighting
  2932 | D:6      | Found Qifurakh's Antique Armour Shoppe.
  3382 | D:7      | Reached ** piety under Makhleb
  3508 | D:7      | Reached skill level 8 in Axes
  3508 | D:7      | Gained mutation: You passively map the area around you.
                  | [Deep Dwarf growth]
  3508 | D:7      | Reached XP level 9. HP: 56/81 MP: 8/10
  4049 | D:8      | Noticed Grum
  4067 | D:8      | Killed Grum
  4080 | D:8      | Noticed Pikel
  4103 | D:8      | Killed Pikel
  4103 | D:8      | Reached skill level 9 in Axes
  4161 | D:8      | Reached *** piety under Makhleb
  4193 | D:8      | Noticed Psyche
  4206 | D:8      | Killed Psyche
  4235 | D:8      | Noticed a two-headed ogre
  4244 | D:8      | Killed a two-headed ogre
  4244 | D:8      | Reached XP level 10. HP: 63/91 MP: 11/11
  4286 | D:8      | Reached skill level 10 in Axes
  4340 | D:8      | Found a shimmering blue altar of Sif Muna.
  4422 | D:8      | Noticed a two-headed ogre
  4452 | D:8      | Killed a two-headed ogre
  4720 | D:9      | Noticed a death yak
  4720 | D:9      | Noticed a death yak
  4720 | D:9      | Noticed a death yak
  4722 | D:9      | Found a staircase to the Lair.
  4722 | D:9      | Noticed a death yak
  4722 | D:9      | Noticed a death yak
  4722 | D:9      | Noticed a death yak
  4722 | D:9      | Noticed a two-headed ogre
  4723 | D:9      | Noticed a death yak
  4748 | D:9      | Killed a death yak
  4748 | D:9      | Killed a two-headed ogre
  4755 | D:9      | Killed a death yak
  4755 | D:9      | Reached skill level 11 in Axes
  4755 | D:9      | Reached XP level 11. HP: 71/99 MP: 7/9
  4763 | D:9      | Killed a death yak
  4764 | D:9      | Killed a death yak
  4773 | D:9      | Killed a death yak
  4779 | D:9      | Reached **** piety under Makhleb
  4785 | D:9      | Killed a death yak
  4787 | D:9      | Killed a death yak
  5433 | D:10     | Entered Level 10 of the Dungeon
  5440 | D:10     | Found a staircase to the Orcish Mines.
  5479 | D:10     | Reached ***** piety under Makhleb
  5499 | D:10     | Killed an unseen horror
  5499 | D:10     | Reached skill level 12 in Axes
  5651 | D:10     | Killed an unseen horror
  5886 | D:10     | Reached skill level 10 in Invocations
  6285 | D:10     | Reached XP level 12. HP: 63/110 MP: 10/10
  6908 | D:11     | Reached skill level 13 in Axes
  6966 | D:11     | Reached skill level 10 in Armour
  7047 | D:11     | Reached skill level 10 in Shields
  7805 | D:12     | You fall into a shaft and drop 1 floor!
  7805 | D:13     | Noticed Snorg
  7806 | D:13     | Noticed Erolcha
  7814 | D:13     | Killed Snorg
  7824 | D:13     | Reached ****** piety under Makhleb
  7832 | D:13     | Killed Erolcha
  7970 | D:13     | Found a flagged portal.
  7978 | Bailey   | Entered a bailey
  8133 | Bailey   | Found a roughly hewn altar of Beogh.
  8165 | Bailey   | Reached XP level 13. HP: 75/120 MP: 9/9
  8168 | Bailey   | Got a crystal executioner's axe
  8169 | Bailey   | Identified the +2 executioner's axe of the Fool {vorpal,
                  | rElec rPois Int+2} (You found it in a bailey)
  8214 | D:13     | Found a gate to the Vaults.
  8346 | D:13     | Reached skill level 14 in Axes
  8349 | D:13     | Noticed Urug
  8370 | D:13     | Killed Urug
  8738 | D:13     | You fall into a shaft and drop 1 floor!
  8825 | D:14     | Paralysed by a hornet for 3 turns
  9226 | D:14     | HP: 5/121 [acid (8)]
  9231 | D:14     | HP: 4/121 [guardian serpent (18)]
  9231 | D:14     | Slain by a yak

Levels and vault maps discovered:
D:1:      heliophobic_arrival_enchanted_forest, layout_basic
D:2:      layout_rooms, ashenzari_conservatory_becter,
          chequers_ecumenical_altar_simple_redux
D:3:      layout_loops_ring, uniq_robin, uniq_crazy_yiuf_cottage, uniq_terence
D:4:      layout_loops_cross, minmay_temple_entry_antechambers, first_ration,
          okawaru_trees_2
D:5:      gammafunk_cloud_chamber, layout_basic, enter_ossuary_3,
          sigmund_edmund_badplayer
D:6:      layout_cave_pools, serial_shops, shop, kennysheep_mini_moat,
          fedhas_altar_3
D:7:      layout_gridville
D:8:      kennysheep_blocky_hall, layout_rooms, led_sif_book, uniq_grum,
          uniq_pikel, uniq_psyche
D:9:      layout_basic, dpeg_lair_monsters
D:10:     layout_stronghold, zombieorc2_lemuel, serial_glass, glass_columns_a,
          glass_columns_c
D:11:     layout_loops_ring, grunt_pizzeria
D:12:     layout_irregular_city, nicolae_trove_entry_columns
D:13:     layout_loops_cross, erik_vaults_1, enter_bailey_3, uniq_snorg,
          uniq_urug, uniq_erolcha
D:14:     cheibrodos_hippocracy, layout_long_grid, minmay_crystal_room,
          nrook_guardian_serpent_double
Temple:   kilobyte_greek_temple

Skill      XL: |  1  2  3  4  5  6  7  8  9 10 11 12 13 |
---------------+----------------------------------------+-----
Fighting       | 3 4 5 6 7 8 9 |  9.5
Axes           | 3 4 5 6 8 9 11 12 13 14 | 14.8
Shields        | 4 5 6 7 8 9 10 | 10.5
Armour         | 4 5 6 7 8 9 10 11 | 11.3
Invocations    | 1 2 3 5 7 8 10 11 12 | 12.2

Action                   |  1- 3 |  4- 6 |  7- 9 | 10-12 | 13-15 || total
-------------------------+-------+-------+-------+-------+-------++-------
Melee: War axe           |    85 |    90 |   252 |       |       ||   427
       Hand axe          |       |       |   214 |   927 |       ||  1141
       Executioner's axe |       |       |       |       |   174 ||   174
 Abil: Heal Wounds       |     1 |     8 |    14 |    31 |    17 ||    71
Evoke: Wand              |       |       |       |       |     4 ||     4
  Use: Scroll            |       |     6 |     7 |     9 |     3 ||    25
       Potion            |       |       |     1 |     2 |     2 ||     5
  Eat: Ration            |       |     1 |       |       |     1 ||     2
       Chunk             |       |       |     9 |    19 |     4 ||    32
Armor: Scale mail        |    45 |    45 |   131 |    95 |       ||   316
       Skin              |       |       |       |    26 |       ||    26
       Chain mail        |       |       |       |   150 |   158 ||   308
Dodge: Dodged            |    36 |    28 |   109 |   170 |    99 ||   442
Block: Kite shield       |    43 |    50 |   265 |   541 |       ||   899

Table legend:
 A = Non-vault XP
 B = Vault XP
 C = Vault XP percentage of total XP
 D = Non-vault monster count
 E = Vault monster count
 F = Vault count percentage of total count
                 A         B        C        D         E       F
            +---------+---------+-------+---------+---------+-------
      Total |   35938 |   16944 |  32.0 |     282 |      98 |  25.8
            +---------+---------+-------+---------+---------+-------
        D:1 |      25 |       0 |   0.0 |      10 |       0 |   0.0
        D:2 |      27 |       0 |   0.0 |       8 |       0 |   0.0
        D:3 |      63 |       0 |   0.0 |       7 |       0 |   0.0
        D:4 |      83 |       0 |   0.0 |       4 |       0 |   0.0
        D:5 |     584 |     663 |  53.2 |      14 |       4 |  22.2
        D:6 |     585 |       0 |   0.0 |      14 |       0 |   0.0
        D:7 |     743 |       0 |   0.0 |      23 |       0 |   0.0
        D:8 |    2542 |    2485 |  49.4 |      34 |       9 |  20.9
        D:9 |    2382 |    6196 |  72.2 |      25 |       7 |  21.9
       D:10 |    5032 |     783 |  13.5 |      21 |      36 |  63.2
       D:11 |    8698 |       0 |   0.0 |      55 |       0 |   0.0
       D:12 |    1852 |       0 |   0.0 |      16 |       0 |   0.0
       D:13 |    3333 |    4709 |  58.6 |      21 |       9 |  30.0
       D:14 |    9989 |       0 |   0.0 |      30 |       0 |   0.0
    Ossuary |       0 |     435 | 100.0 |       0 |      22 | 100.0
     Bailey |       0 |    1673 | 100.0 |       0 |      11 | 100.0
            +---------+---------+-------+---------+---------+-------
